 Dungeon Crawl Stone Soup version 0.19.5 (webtiles) character file.

3952 Haldmier the Carver (level 10, -4/60 HPs)
             Began as a High Elf Skald on Apr 22, 2017.
             Was a Follower of Ashenzari.
             Slain by an orc warrior
             ... wielding a +2 war axe of venom
              (21 damage)
             ... on level 7 of the Dungeon.
             The game lasted 00:50:35 (10488 turns).

Haldmier the Carver (High Elf Skald)               Turns: 10488, Time: 00:50:35

Health: -4/60      AC:  7    Str: 14    XL:     10   Next: 2%
Magic:  14/17      EV: 12    Int: 18    God:    Ashenzari [*.....]
Gold:   151        SH:  5    Dex: 14    Spells: 5 memorised, 5 levels left

rFire  . . .     SeeInvis .     w - +4 scimitar (freeze)
rCold  . . .     Gourm    .     S - +2 robe {MR+}
rNeg   . . .     Faith    .     Z - +0 buckler
rPois  +         Spirit   .     O - +0 helmet
rElec  .         Reflect  .     (no cloak)
rCorr  .         Harm     .     e - +1 pair of gloves
MR     +++..                    (no boots)
Stlth  ++........               (no amulet)
                                N - ring of protection from magic
                                n - ring of poison resistance

@: lethally poisoned (-4 -> -11), drained
A: no striking features
a: Curse Item, Scrying, Renounce Religion


You were on level 7 of the Dungeon.
You worshipped Ashenzari.
Ashenzari was aware of your devotion.
You were near starving.

You visited 2 branches of the dungeon, and saw 9 of its levels.

You collected 394 gold pieces.
You spent 243 gold pieces at shops.

Inventory:

Hand Weapons
 a - a +1 dagger of venom
 b - a +0 hunting sling
 g - a +2 short sword of draining
 i - a +4 great sword
 w - a +4 scimitar of freezing (weapon)
 H - a +3 scimitar of holy wrath
 X - a +5 scimitar
Missiles
 h - 118 stones
 r - 73 sling bullets
 x - 6 javelins (quivered)
Armour
 e - a +1 pair of gloves (worn)
 k - the +1 ring mail of Duty {rF+}
   (You bought it in a shop on level 8 of the Dungeon)

   It protects you from fire.
 C - a +0 shield
 O - a +0 helmet (worn)
 S - a +2 robe of magic resistance (worn)
 Z - a +0 buckler (worn)
Jewellery
 j - an uncursed ring of protection from fire
 n - a ring of poison resistance (left hand)
 L - an uncursed ring of magical power
 N - a ring of protection from magic (right hand)
 R - an uncursed ring of see invisible
Wands
 v - a wand of slowing (13/48)
 y - a wand of digging (7/24)
 z - a wand of digging (11/24)
 G - a wand of lightning (8/15)
 K - a wand of slowing (32/48)
 Q - a wand of paralysis (11/24)
 T - a wand of confusion (21/48)
Scrolls
 o - 6 scrolls of identify
 p - 5 scrolls of enchant armour
 q - a scroll of magic mapping
 t - 6 scrolls of remove curse
 B - a scroll of enchant weapon
Potions
 l - 3 potions of heal wounds
 s - 2 potions of curing
 u - a potion of cure mutation
 F - 2 potions of resistance
 P - 2 potions of haste
Books
 c - a book of Battle

   Spells                             Type                      Level
   a - Infusion                       Charms                       1
   b - Shroud of Golubria             Charms/Translocation         2
   c - Song of Slaying                Charms                       2
   d - Spectral Weapon                Hexes/Charms                 3
   e - Regeneration                   Charms/Necromancy            3
 E - a book of Misfortune

   Spells                             Type                      Level
   a - Confusing Touch                Hexes                        1
   b - Confuse                        Hexes                        3
   c - Gell's Gravitas                Hexes/Translocation          3
   d - Petrify                        Transmutation/Earth          4
   e - Metabolic Englaciation         Hexes/Ice                    5
   f - Yara's Violent Unravelling     Hexes/Transmutation          5
Comestibles
 d - 6 bread rations
 f - 4 meat rations
 m - 9 fruits


   Skills:
 - Level 2.0(1.8) Fighting
 + Level 8.8(8.5) Long Blades
 - Level 0.8(0.6) Armour
 - Level 1.1(0.9) Dodging
 - Level 3.2(3.0) Stealth
 * Level 4.5(4.3) Shields
 - Level 4.0(3.8) Spellcasting
 - Level 7.2(6.9) Hexes
 - Level 7.0(6.7) Charms
 - Level 3.0(2.8) Necromancy
 - Level 3.0(2.8) Translocations
 - Level 3.0(2.8) Evocations


You had 5 spell levels left.
You knew the following spells:

 Your Spells              Type           Power        Failure   Level  Hunger
a - Infusion              Chrm           ####         1%          1    None
b - Shroud of Golubria    Chrm/Tloc      ###.......   3%          2    ##.....
c - Spectral Weapon       Hex/Chrm       ####....     2%          3    ###....
d - Regeneration          Chrm/Necr      ###.......   10%         3    ###....
e - Confuse               Hex            ####....     2%          3    ###....


Dungeon Overview and Level Annotations

Branches:
Dungeon (8/15)             Temple (1/1) D:7            Lair (0/6) D:8

Altars:
Ashenzari
Cheibriados
Dithmenos
Elyvilon
Fedhas
Gozag
Hepliaklqana
Kikubaaqudgha
Makhleb
Nemelex Xobeh
Okawaru
Qazlal
Ru
Sif Muna
Trog
Uskayaw
Vehumet
Xom
Yredelemnul
Zin
The Shining One

Shops:
D:4 }   D:8 *

Annotations:
D:2 Shield + items behind crystal wall


Message History

You feel sick.
You take 1 damage, and have 31/60 hp.
You feel sick.
You feel sick.
The orc wizard gestures at you while chanting.
The magic dart hits you!
You take 11 damage, and have 20/60 hp.
You feel sick.
You take 1 damage, and have 19/60 hp.
You feel sick.
You take 1 damage, and have 18/60 hp.
Casting: Shroud of Golubria
Confirm with . or Enter, or press ? or * to list all spells.
Aiming: Confuse
Press: ? - help, Shift-Dir - straight line, f - orc warrior, p - orc priest
Aim: an orc warrior, wielding a war axe of venom and wearing a chain mail (chance to defeat MR: 57%)
The orc warrior resists with significant effort.
You feel sick.
The orc warrior hits you with a war axe of venom!!
You die...

####...............####..>..##
#
##..............).........###*
#
###..........##[...#.......##
# ##.......######..#........#
# ###....## #..#......... #
###### #..#......... # ###
#.##......... ## ###.#
##.##......... .###
#..@###..###.#.....# ...##
##.oo.##..# #)#....#. ....##
#.....##..# #..#..#,. .....#
#.....<#.## #...##*,. .....##
#......#.# #....###. ......#
##....o...# #....#..# ......##
#..../....# #...#.... .......#
##........# #.##.....
......<## #........# #........


You could see an orc warrior, an orc priest and an orc wizard.

Vanquished Creatures
  An ugly thing (D:7)
  An elephant (D:8)
  A hippogriff (D:8)
  A wraith (D:6)
  Menkaure (D:6)
  Edmund (D:6)
  2 ice beasts
  2 necrophages (D:7)
  2 sky beasts
  An ogre (D:5)
  A phantom (D:5)
  A centaur (D:5)
  2 bullfrogs (D:7)
  A gnoll sergeant (D:8)
  2 scorpions
  4 howler monkeys
  A troll skeleton (D:7)
  6 wights
  5 crimson imps
  2 quasits (D:8)
  2 jellies
  An orc priest (D:2)
  3 hounds
  5 human zombies (D:7)
  2 bullfrog skeletons
  2 iguanas (D:8)
  Jessica (D:3)
  Natasha (thrice) (D:2)
  A human skeleton (D:7)
  An orc wizard (D:2)
  2 worker ants (D:5)
  A mummy (D:7)
  Robin (D:4)
  7 adders
  7 gnolls
  An ooze (D:1)
  An adder zombie (D:8)
  An adder skeleton (D:7)
  4 worms
  10 dart slugs
  2 leopard geckos
  12 orcs
  4 ball pythons
  8 giant cockroaches
  18 goblins
  9 hobgoblins
  4 jackals
  2 quokkas
  10 bats
  6 frilled lizards
  12 kobolds
  A leopard gecko zombie (D:6)
  3 rats (D:2)
185 creatures vanquished.

Notes
Turn   | Place    | Note
-------+----------+-------------------------------------------
     0 | D:1      | Haldmier the High Elf Skald began the quest for the Orb.
     0 | D:1      | Reached XP level 1. HP: 14/14 MP: 4/4
    71 | D:1      | Reached skill level 3 in Long Blades
   510 | D:1      | Reached XP level 2. HP: 15/19 MP: 1/6
   518 | D:1      | Learned a level 2 spell: Shroud of Golubria
   739 | D:1      | Reached skill level 4 in Long Blades
   886 | D:1      | Reached XP level 3. HP: 23/24 MP: 7/7
   954 | D:1      | Reached skill level 1 in Translocations
  1314 | D:1      | Learned a level 3 spell: Spectral Weapon
  1702 | D:2      | Reached skill level 1 in Hexes
  1821 | D:2      | Noticed Natasha
  1829 | D:2      | Killed Natasha
  1829 | D:2      | Reached XP level 4. HP: 18/29 MP: 8/8
  2561 | D:2      | Reached XP level 5. HP: 30/34 MP: 6/9
  2720 | D:2      | Noticed Natasha
  2733 | D:2      | Killed Natasha
  2812 | D:2      | Noticed Natasha
  2827 | D:2      | Killed Natasha
  3101 | D:3      | Found a blossoming altar of Fedhas.
  3468 | D:3      | Reached skill level 5 in Long Blades
  4226 | D:3      | Noticed Jessica
  4234 | D:2      | Reached XP level 6. HP: 16/39 MP: 8/10
  4252 | D:2      | Learned a level 3 spell: Regeneration
  4497 | D:3      | Killed Jessica
  5343 | D:4      | Reached skill level 1 in Necromancy
  5523 | D:4      | Found an iron altar of Okawaru.
  5647 | D:4      | Found Afabez's Gadget Shop.
  5812 | D:4      | Noticed Robin
  5867 | D:4      | Killed Robin
  6221 | D:5      | Entered Level 5 of the Dungeon
  6271 | D:5      | Noticed an ice beast
  6281 | D:5      | Killed an ice beast
  6281 | D:5      | Reached XP level 7. HP: 45/45 MP: 6/12
  6286 | D:5      | Learned a level 3 spell: Confuse
  6698 | D:5      | Reached skill level 6 in Long Blades
  6949 | D:5      | Found a hide-covered altar of Uskayaw.
  6949 | D:5      | Noticed a dagger
  6950 | D:5      | Noticed a dagger
  6959 | D:5      | Reached skill level 5 in Charms
  6978 | D:5      | Reached XP level 8. HP: 46/50 MP: 11/15
  7441 | D:6      | Noticed Edmund
  7465 | D:6      | Killed Edmund
  7465 | D:6      | Reached skill level 1 in Stealth
  7465 | D:6      | Reached skill level 5 in Hexes
  7503 | D:6      | Noticed Menkaure
  7560 | D:6      | Killed Menkaure
  7560 | D:6      | Reached skill level 1 in Evocations
  7726 | D:6      | Found a radiant altar of Vehumet.
  7874 | D:6      | Found a shadowy altar of Dithmenos.
  8394 | D:7      | Noticed a cyan ugly thing
  8429 | D:6      | Reached skill level 7 in Long Blades
  8486 | D:7      | Reached XP level 9. HP: 28/54 MP: 10/16
  8603 | D:7      | Found an ancient bone altar of Kikubaaqudgha.
  8711 | D:7      | Found a staircase to the Ecumenical Temple.
  8720 | Temple   | Entered the Ecumenical Temple
  8739 | Temple   | Became a worshipper of Ashenzari the Shackled
  9048 | D:8      | Found Qoclaysi's Assorted Antiques.
  9193 | D:8      | Reached skill level 1 in Shields
  9268 | D:8      | Bought a jewelled ring mail for 243 gold pieces
  9278 | D:8      | Identified the +1 ring mail of Duty {rF+} (You bought it in a shop on level 8 of the Dungeon)
  9304 | D:8      | Found a glowing silver altar of Zin.
  9380 | D:8      | Found a staircase to the Lair.
  9380 | D:8      | Noticed an elephant
  9405 | D:8      | Killed an elephant
  9405 | D:8      | Reached skill level 8 in Long Blades
  9519 | D:8      | Found an opulent altar of Gozag.
  9540 | D:8      | Found a sacrificial altar of Ru.
  9664 | D:8      | Reached * piety under Ashenzari
  9975 | D:7      | Killed a green ugly thing
 10089 | D:7      | Reached XP level 10. HP: 38/60 MP: 5/17
 10488 | D:7      | Slain by an orc warrior

Skill      XL: |  1  2  3  4  5  6  7  8  9 |
---------------+----------------------------+-----
Long Blades    | 3 4 5 6 7 8 |  8.8
Translocations | 2 3 |  3.0
Hexes          | 1 2 3 4 5 7 |  7.2
Charms         | 4 5 6 7 |  7.0
Necromancy     | 1 2 3 |  3.0
Spellcasting   | 3 4 |  4.0
Stealth        | 3 |  3.2
Evocations     | 2 3 |  3.0
Shields        | 4 |  4.5
Fighting       | |  2.0
Armour         | |  0.8
Dodging        | |  1.1

Action                   |  1- 3 |  4- 6 |  7- 9 | 10-12 || total
-------------------------+-------+-------+-------+-------++-------
Melee: Falchion          |    10 |       |       |       ||    10
       Dagger            |   101 |   269 |   179 |       ||   549
       Scimitar          |       |       |   121 |     8 ||   129
 Fire: Hunting sling     |       |     1 |       |       ||     1
Throw: Stone             |     1 |       |       |       ||     1
       Javelin           |       |     1 |       |       ||     1
 Cast: Infusion          |     6 |    12 |     6 |       ||    24
       Shroud of Golubri |     4 |    27 |    40 |     1 ||    72
       Spectral Weapon   |       |     3 |    27 |       ||    30
       Regeneration      |       |     1 |    20 |       ||    21
       Confuse           |       |       |     9 |     3 ||    12
Evoke: Wand              |       |     1 |     1 |       ||     2
  Use: Scroll            |     6 |       |    13 |       ||    19
       Potion            |       |       |     1 |     1 ||     2
 Stab: Confused          |       |       |     3 |       ||     3
       Distracted        |       |       |     3 |       ||     3
       Sleeping          |       |       |     1 |       ||     1
  Eat: Chunk             |     3 |    16 |    16 |     1 ||    36
       Fruit             |       |       |     2 |       ||     2
       Beef jerky        |       |       |     1 |       ||     1
Armor: Leather armour    |    34 |    62 |    52 |       ||   148
       Robe              |       |       |    44 |     2 ||    46
Dodge: Dodged            |    55 |   139 |   150 |     2 ||   346
Block: Buckler           |       |       |    25 |     2 ||    27
       Rpst.: Scimitar   |       |       |    21 |       ||    21
